 Dungeon Crawl Stone Soup version 0.27.1-4-g1640c2035a (webtiles) character file.

Game seed: 11012815330167200971

210 Gabide the Ruffian (level 6, -11/44 HPs)
             Began as a Human Artificer on Nov 1, 2021.
             Killed by divine providence
             ... invoked by an orc priest
              (13 damage)
             ... on level 4 of the Dungeon.
             The game lasted 00:11:27 (5081 turns).

Gabide the Ruffian (Human Artificer)                Turns: 5081, Time: 00:11:28

Health: -11/44     AC:  6    Str: 14    XL:     6   Next: 12%
Magic:  15/15      EV: 12    Int: 12    God:
Gold:   93         SH:  0    Dex: 19    Spells: 5/5 levels left

rFire    . . .     SeeInvis .     - Unarmed
rCold    . . .     Faith    .   (no shield)
rNeg     . . .     Spirit   .   b - +3 leather armour
rPois    .         Reflect  .   (no helmet)
rElec    .         Harm     .   (no cloak)
rCorr    .         Rampage  .   (no gloves)
Will     .....                  (no boots)
Stlth    ++........             (no amulet)
HPRegen  0.14/turn              j - ring of magical power
MPRegen  0.14/turn              k - +6 ring of dexterity

@: no status effects
A: no striking features
a: no special abilities


You were on level 4 of the Dungeon.
You visited 1 branch of the dungeon, and saw 4 of its levels.

You collected 93 gold pieces.

Inventory:

Hand Weapons
 g - a +0 short sword of speed
Armour
 b - a +3 leather armour (worn)
Jewellery
 j - a ring of magical power (left hand)
 k - a +6 ring of dexterity (right hand)
Wands
 d - a wand of charming (9)
Scrolls
 h - 3 scrolls of enchant weapon
 i - 2 scrolls of teleportation
 l - a scroll of fear {unknown}
Potions
 a - a potion of curing
 c - 2 potions of might
 f - a potion of mutation {unknown}
Miscellaneous
 e - a piece from Xom's chessboard (8/15) (quivered)


   Skills:
 * Level 1.7 Fighting
 + Level 2.4 Armour
 * Level 1.9 Dodging
 - Level 1.6 Stealth
 * Level 3.8 Unarmed Combat
 + Level 3.7 Evocations


You had 5 spell levels left.
You didn't know any spells.
Your spell library contained the following spells:

 Spells                   Type           Power      Damage    Failure   Level
 Blink                    Tloc           N/A        N/A       52%         2
 Lesser Beckoning         Tloc           0%         N/A       77%         3
 Manifold Assault         Tloc           0%         N/A       100%        5


Dungeon Overview and Level Annotations

Branches:
Dungeon (4/15)
 Temple: D:4-7

Altars:
Okawaru
Xom
Zin

Shops:
D:2 :   D:3 ?


Message History

A kobold, an orc and an orc priest come into view.
The orc is wielding a +2 vorpal mace. 2 orcs, 2 orc priests and an orc wizard come into view.
The orc priest shouts!
The orc shouts!
The orc wizard shouts!
The kobold shouts!
The orc wizard shouts!
The orc priest shouts!
The orc shouts!
The orc wizard gestures wildly while chanting.
The orc wizard flickers and vanishes!
Deactivating autopickup; reactivate with Ctrl-A.
An orc comes into view. It is wielding a +0 mace.
There is a stone staircase leading down here.
The orc priest shouts!
The orc shouts!
You hear an angry hiss.
You closely miss the kobold.
The orc priest invokes the aid of Beogh against you.
Beogh smites you!
You hit the kobold.
You kill the kobold!
You make a move on Xom's chessboard...
The orc priest twists and deforms.
You make a move on Xom's chessboard...
The orc priest falls asleep!
The orc priest calls down the wrath of Beogh upon you.
Beogh smites you!
The orc priest calls down the wrath of Beogh upon you.
Beogh smites you! The orc barely misses you.
You make a move on Xom's chessboard...
The orc priest resists with significant effort.
You make a move on Xom's chessboard...
The orc flickers and vanishes!
A ball python comes into view.
You make a move on Xom's chessboard...
The orc is outlined in light.
The orc priest shouts!
The orc priest casts a cantrip, but nothing happens.
Something hits you.
* * * LOW HITPOINT WARNING * * *
You make a move on Xom's chessboard...
The orc priest is moving more slowly.
The orc priest mumbles some strange prayers to Beogh against you.
Beogh smites you!
* * * LOW HITPOINT WARNING * * *
Something hits you but does no damage.
The orc priest invokes the aid of Beogh against you.
Beogh smites you!
You die...

#o.#........
#.o#........
#..#........
........... o.........
......... #.oo.....
#########oo......
######.....@.{{oS.....
#.........####oo......
#.........####.o......
#...............####..
#...............#### .
#.........<........
#####................#
#......).............#
#......[............<#


You could see 3 orc priests, 3 orcs and a ball python.

Vanquished Creatures
  A necrophage (D:2)
  A gnoll (D:1)
  3 adders
  4 worms
  2 dart slugs
  4 orcs
  6 endoplasms
  4 giant cockroaches
  6 goblins
  3 hobgoblins
  3 jackals (D:1)
  6 kobolds
  2 quokkas
  4 ball pythons
  10 bats
  5 frilled lizards
  3 rats
67 creatures vanquished.

Vanquished Creatures (collateral kills)
  2 hobgoblins (D:2)
2 creatures vanquished.

Vanquished Creatures (others)
  An orc priest (D:3)
  An orc (D:3)
  2 fungi (D:3)
  5 plants (D:3)
9 creatures vanquished.

Grand Total: 78 creatures vanquished

Notes
Turn   | Place    | Note
-------+----------+-------------------------------------------
     0 | D:1      | Gabide the Human Artificer began the quest for the Orb.
     0 | D:1      | Reached XP level 1. HP: 15/15 MP: 1/1
   401 | D:1      | Reached XP level 2. HP: 19/21 MP: 2/2
   596 | D:1      | Reached skill level 1 in Unarmed Combat
   596 | D:1      | Reached XP level 3. HP: 4/26 MP: 3/3
  2790 | D:2      | Reached XP level 4. HP: 11/32 MP: 4/4
  3331 | D:2      | Noticed a necrophage
  3358 | D:2      | Killed a necrophage
  3359 | D:2      | Reached XP level 5. HP: 13/37 MP: 5/5
  3698 | D:2      | Found Qeillot's Book Shop.
  4089 | D:3      | Found Facoin's Magic Scroll Shoppe.
  4215 | D:3      | Found a faded altar of an unknown god.
  4280 | D:3      | Reached XP level 6. HP: 35/43 MP: 6/6
  4344 | D:3      | Found a glowing silver altar of Zin.
  4347 | D:3      | Found an iron altar of Okawaru.
  4358 | D:3      | Found a shimmering altar of Xom.
  5080 | D:4      | HP: 1/44 [orc priest/divine providence (10)]
  5081 | D:4      | Killed from afar by an orc priest

Illustrated notes

Levels and vault maps discovered:
D:1:      elethiomel_arrival_maze, layout_loops_ring, serial_bayou_pond_a,
          minmay_pentomino_z4
D:2:      layout_basic, serial_shops, nicolae_shop_crystal, skrybe_limestone_x,
          kennysheep_generic_room_11
D:3:      layout_loops_ring, grunt_temple_overflow_diamond, serial_shops,
          nicolae_shop_stone, shapermc_ecumenical_altar_mp_urbaneastern,
          kennysheep_generic_room_9
D:4:      layout_basic

Skill      XL: |  1  2  3  4 |
---------------+-------------+-----
Unarmed Combat | 1 3 |  3.8
Fighting       | |  1.7
Armour         | |  2.4
Dodging        | |  1.9
Stealth        | |  1.6
Evocations     | |  3.7

Action                   |  1- 3 |  4- 6 || total
-------------------------+-------+-------++-------
Melee: Unarmed           |   180 |   153 ||   333
       Punch             |       |     1 ||     1
Evoke: Wand              |    16 |     5 ||    21
       Piece from Xom's  |     3 |     9 ||    12
  Use: Scroll            |     6 |     3 ||     9
 Stab: Sleeping          |     3 |     5 ||     8
       Paralysed         |     1 |       ||     1
Armor: Leather armour    |    56 |    44 ||   100
Dodge: Dodged            |   108 |    91 ||   199
